 Dungeon Crawl Stone Soup version 0.31.0 (webtiles) character file.

Game seed: 4095351842257631908

246 James the Poker (level 6, -2/47 HPs)
             Began as a Formicid Cinder Acolyte on Jan 19, 2024.
             Was a High Priest of Ignis.
             Slain by a gnoll
             ... wielding a +1 halberd of freezing
              (5 damage)
             ... on level 5 of the Dungeon.
             The game lasted 00:07:54 (3418 turns).

James the Poker (Formicid Cinder Acolyte)           Turns: 3418, Time: 00:07:54

Health: -2/47      AC:  6    Str: 21    XL:     6   Next: 33%
Magic:  7/7        EV:  9    Int:  9    God:    Ignis [*****.]
Gold:   280        SH:  8    Dex:  9    Spells: 7/7 levels left

rFire   + . .        a - +0 demon trident of Gukoalow {freeze, rPois rC+ rCorr Int-4}
rCold   + . .        C - +0 kite shield
rNeg    . . .        k - +0 ring mail
rPois   +            (helmet unavailable)
rElec   .            (no cloak)
rCorr   +            (no gloves)
SInv    +            A - +0 pair of boots
Will    .....        (no amulet) Stlth
                     j - ring of flight
HPRegen 0.27/turn    L - ring of resist corrosion
MPRegen 0.10/turn

%: no passive effects
@: flying
A: permanent stasis, dig shafts and tunnels, antennae 3, four strong arms
a: Dig, Shaft Self, Renounce Religion, Fiery Armour, Foxfire Swarm, Rising Flame


You were on level 5 of the Dungeon.
You worshipped Ignis.
Ignis was extremely pleased with you.
You visited 1 branch of the dungeon, and saw 5 of its levels.

You collected 280 gold pieces.

Inventory:

Hand Weapons
 a - the +0 demon trident of Gukoalow (weapon) {freeze, rPois rC+ rCorr Int-4}
   (You found it on level 2 of the Dungeon)

   Int-4:     It affects your intelligence (-4).
   rC+:       It protects you from cold.
   rPois:     It protects you from poison rCorr: It protects you from acid and
   corrosion.
 b - a +1 sling of electrocution
   (You found it on level 2 of the Dungeon)
 s - a -1 spear of freezing
Missiles
 m - 42 stones
Armour
 c - a +0 robe
   (You found it on level 1 of the Dungeon)
 h - a +0 leather armour
   (You found it on level 1 of the Dungeon)
 k - a +0 ring mail (worn)
   (You found it on level 1 of the Dungeon)
 o - a +0 robe
 q - a +0 robe
   (You found it on level 2 of the Dungeon)
 t - a +0 leather armour
   (You found it on level 2 of the Dungeon)
 u - a +0 leather armour
   (You found it on level 2 of the Dungeon)
 A - a +0 pair of boots (worn)
   (You found it on level 3 of the Dungeon)
 C - a +0 kite shield (worn)
   (You took it off an orc on level 3 of the Dungeon)
 D - a +0 leather armour of poison resistance
   (You found it on level 3 of the Dungeon)
 E - a +0 robe
   (You found it on level 3 of the Dungeon)
 F - a +0 ring mail
   (You took it off Terence on level 3 of the Dungeon)
 H - a +0 leather armour
   (You found it on level 4 of the Dungeon)
 J - an orb of guile
   (You found it on level 4 of the Dungeon)
 K - a +0 leather armour
   (You found it on level 4 of the Dungeon)
Jewellery
 j - a ring of flight (left hand)
   (You found it on level 1 of the Dungeon)
 L - a ring of resist corrosion (right hand)
   (You found it on level 4 of the Dungeon)
Wands
 B - a wand of mindburst (12)
   (You took it off an orc on level 3 of the Dungeon)
Scrolls
 e - a scroll of fear {unknown}
Potions
 d - 3 potions of curing {@q1}
 i - 2 potions of brilliance
 n - a potion of berserk rage {unknown}
 p - 2 potions of attraction {unknown}
 r - a potion of might {unknown}
 x - 3 potions of heal wounds {@q2}
 z - a potion of lignification {unknown}


   Skills:
 - Level 3.2 Fighting
 + Level 5.9 Polearms
 * Level 3.6 Shields
 - Level 1.1 Spellcasting
 - Level 3.0 Fire Magic


You had 7 spell levels left.
You didn't know any spells.
Your spell library contained the following spells:

 Spells                   Type           Power      Damage    Failure   Level
 Scorch                   Fire           10%        2d5       54%         2
 Shock                    Conj/Air       0%         1d3       82%         1
 Ensorcelled Hibernation  Hex/Ice        0%         N/A       91%         2
 Lesser Beckoning         Tloc           0%         N/A       91%         2
 Volatile Blastmotes      Fire/Tloc      6%         2d10      93%         3
 Call Canine Familiar     Summ           0%         N/A       99%         3
 Dazzling Flash           Conj/Hex       0%         N/A       99%         3
 Gell's Gravitas          Tloc           0%         N/A       99%         3
 Passwall                 Erth           0%         N/A       99%         3
 Sigil of Binding         Hex            0%         N/A       99%         3
 Teleport Other           Tloc           0%         N/A       99%         3
 Airstrike                Air            0%         2d(0-16)  100%        4
 Dimensional Bullseye     Hex/Tloc       0%         N/A       100%        4
 Starburst                Conj/Fire      1%         6d3       100%        6
 Malign Gateway           Summ/Tloc      0%         N/A       100%        7
 Maxwell's Capacitive Co  Air            0%         ∞         100%        8
 Summon Horrible Things   Summ           0%         N/A       100%        8
 Swiftness                Air            Unusable   N/A       N/A         3

Dungeon Overview and Level Annotations

Branches:
Dungeon (5/15)
 Temple: D:4-7

Altars:
Dithmenos
Wu Jian

Annotations:
D:3 1 runed translucent door, Crazy Yiuf


Innate Abilities, Weirdness & Mutations

You cannot be hasted, slowed, berserked, paralysed or teleported.
You can dig through walls and to a lower floor.
You have a pair of large antennae on your head. (SInv)
Your four strong arms can wield two-handed weapons with a shield.


Message History

A dart slug comes into view.
The dart slug launches a dart at you.
The slug dart hits you but does no damage.
The dart slug barely misses you.
You puncture the dart slug! You freeze the dart slug.
You kill the dart slug!
You see here a +0 hat.
You see here an iguana corpse.
You sense a monster nearby.
There is an open door here.
An orc comes into view. It is wielding a +0 falchion.
The orc shouts!
You barely miss the orc.
A gnoll comes into view. It is wielding a +0 spear.
The orc hits you but does no damage.
You barely miss the orc.
The gnoll shouts!
You block the orc's attack.
A gnoll comes into view. It is wielding a +0 halberd.
You block the orc's attack.
You hit the orc. You freeze the orc.
You kill the orc!
You see here a +0 falchion.
The gnoll attacks as it pursues you! You block the gnoll's attack.
The gnoll attacks as it pursues you! The gnoll barely misses you.
There is an open door here.
There is a stone staircase leading up here.
Things that are here:
a scroll of teleportation {@r4}; 2 potions of degeneration {!q} You reach to attack!
You hit the gnoll. You freeze the gnoll.
The gnoll hits you from afar with a +0 spear.
You reach to attack!
You completely miss the gnoll. You block the gnoll's attack.
A gnoll comes into view.
It is wielding a +1 halberd of freezing.
You reach to attack!
You puncture the gnoll! You freeze the gnoll.
You kill the gnoll!
You reach to attack!
You closely miss the gnoll.
The gnoll hits you from afar with a +0 halberd!
You reach to attack!
You barely miss the gnoll. The gnoll closely misses you.
You block the gnoll's attack.
You reach to attack!
You barely miss the gnoll.
The gnoll hits you from afar with a +0 halberd!
The gnoll hits you from afar with a +1 halberd of freezing!
* * * LOW HITPOINT WARNING * * *
The gnoll freezes you.
* * * LOW HITPOINT WARNING * * *
The gnoll hits you from afar with a +0 halberd!
* * * LOW HITPOINT WARNING * * *
The gnoll hits you from afar with a +1 halberd of freezing.
You die...

*****,,,,,,,,,,*
######...#.###.#*,,,*
*########.#.#.###.#*,,,*
#......$..#.#.###.#*,,,**** *
#.......$.#.#^#[..#*,,,,,,, *
#.........#.#.#.###*,,,,*** *
#.........#.#.#.#######,*** *
#.........#...#........,*,, *
#........#@....#########*,* *****
#......)g'...†..........,,,
,,,,**#.......g####...########*,,
***,,,.........+..........,,,,,,,
***,,,.......).####...#...#,,***,
,,,,,,.......######...#...#,,,,,,
,**,,,..####g######.........,,,,,
,,,,,,.,,###.#######+#....##,*,**
,,,,,,,,,*##g#######......#*,*,,,


You could see 3 gnolls.

Vanquished Creatures
  A howler monkey (D:4)
  Terence (D:3)
  An iguana (D:5)
  A gnoll (D:5)
  4 adders (D:2)
  A ribbon worm (D:2)
  5 dart slugs
  4 orcs
  8 bats
  8 endoplasms
  7 giant cockroaches
  9 goblins
  8 hobgoblins
  4 jackals (D:4)
  4 quokkas
  7 ball pythons
  2 frilled lizards
  6 kobolds
  8 rats
89 creatures vanquished.

Notes
Turn   | Place    | Note
-------+----------+-------------------------------------------
     0 | D:1      | James the Formicid Cinder Acolyte began the quest for the
                  | Orb.
     0 | D:1      | Reached XP level 1. HP: 18/18 MP: 2/2
   114 | D:1      | Reached XP level 2. HP: 21/24 MP: 3/3
   321 | D:1      | Reached skill level 4 in Polearms
   321 | D:1      | Reached XP level 3. HP: 28/29 MP: 4/4
   953 | D:2      | Found an ornate altar of the Wu Jian Council.
   999 | D:2      | Reached XP level 4. HP: 17/35 MP: 5/5
  1250 | D:2      | Identified the +0 demon trident of Gukoalow {freeze, rPois
                  | rC+ rCorr Int-4}
  1270 | D:2      | Reached skill level 5 in Polearms
  1559 | D:3      | Reached XP level 5. HP: 41/41 MP: 6/6
  1619 | D:3      | Found a runed translucent door.
  1620 | D:3      | Noticed Crazy Yiuf
  1970 | D:3      | Found a faded altar of an unknown god.
  2015 | D:3      | Noticed Terence
  2023 | D:3      | Killed Terence
  2024 | D:3      | Reached skill level 1 in Shields
  2189 | D:3      | Found a shadowy altar of Dithmenos.
  3025 | D:4      | Reached XP level 6. HP: 47/47 MP: 7/7
  3312 | D:5      | Entered Level 5 of the Dungeon
  3418 | D:5      | Slain by a gnoll

Illustrated notes

Levels and vault maps discovered:
D:1:      dpeg_arrival_orchard, layout_loops_ring
D:2:      layout_basic, basic_altar, minmay_octomino_e4
D:3:      layout_basic, nicolae_dithmenos_through_a_glass_darkly,
          dreamdust_ecumenical_altar_hidden_monk_grotto,
          kennysheep_generic_room_13, uniq_crazy_yiuf_cottage, uniq_terence
D:4:      layout_basic, nicolae_eternal_life
D:5:      layout_basic

Skill      XL: |  1  2  3  4  5 |
---------------+----------------+-----
Polearms       | 4 5 |  5.9
Shields        | 3 |  3.6
Fighting       | |  3.2
Spellcasting   | |  1.1
Fire Magic     | |  3.0

Action                     |  1- 3 |  4- 6 || total
---------------------------+-------+-------++-------
  Melee: Spear             |    93 |     9 ||   102
         Demon trident     |       |   116 ||   116
   Fire: Sling             |    15 |    23 ||    38
    Use: Scroll            |       |    11 ||    11
 Armour: Robe              |     7 |       ||     7
         Leather armour    |    10 |       ||    10
         Ring mail         |    23 |    61 ||    84
  Dodge: Dodged            |    44 |    37 ||    81
  Block: Kite shield       |       |    22 ||    22
